 Dungeon Crawl Stone Soup version 0.31-b1-18-g61460d1e46 (webtiles) character file.

Game seed: 5838023206379359965

65 Mahakala the Cudgeller (level 4, -1/29 HPs)
             Began as a Gargoyle Monk on Jan 17, 2024.
             Slain by a gnoll
             ... wielding a +0 halberd
              (9 damage)
             ... on level 2 of the Dungeon.
             The game lasted 00:04:35 (1667 turns).

Mahakala the Cudgeller (Gargoyle Monk)              Turns: 1667, Time: 00:04:36

Health: -1/29      AC:  6    Str: 16    XL:     4   Next: 13%
Magic:  4/4        EV: 12    Int: 11    God:
Gold:   61         SH:  0    Dex: 12    Spells: 3/3 levels left

rFire   . . .        a - +0 mace
rCold   + . .        s - orb {light}
rNeg    + . .        p - +0 robe
rPois   ∞            (no helmet)
rElec   +            (no cloak)
rCorr   +            g - +0 pair of gloves
SInv    .            (no boots)
Will    .....        (no amulet)
Stlth   +            m - ring of protection from cold
HPRegen 0.24/turn    o - ring of resist corrosion
MPRegen 0.09/turn

%: no passive effects
@: glowing
A: sickness immunity, AC +3, negative energy resistance 1, electricity
resistance, torment resistance 1, petrification resistance
a: no special abilities


You were on level 2 of the Dungeon.
You visited 1 branch of the dungeon, and saw 2 of its levels.

You collected 61 gold pieces.

Inventory:

Hand Weapons
 a - a +0 mace (weapon)
 b - a +4 sling
Missiles
 e - 15 stones (quivered)
 t - 4 poisoned darts
Armour
 g - a +0 pair of gloves (worn)
 p - a +0 robe (worn)
 s - an orb of light (worn)
Jewellery
 m - a ring of protection from cold (left hand)
 o - a ring of resist corrosion (right hand)
Wands
 d - a wand of roots (11)
Scrolls
 h - 2 scrolls of teleportation {unknown}
 i - 3 scrolls of noise {unknown}
 l - a scroll of brand weapon {unknown}
 q - 2 scrolls of identify {unknown}
 r - a scroll of poison {unknown}
Potions
 c - a potion of ambrosia
 f - a potion of invisibility {unknown}
 j - a potion of enlightenment {unknown}
 k - a potion of resistance {unknown}
 n - 2 potions of cancellation {unknown}
 u - a potion of berserk rage {unknown}


   Skills:
 - Level 4.0 Fighting
 * Level 4.4 Maces & Flails
 - Level 2.4 Dodging


You had 3 spell levels left.
You didn't know any spells.
Your spell library was empty.

Dungeon Overview and Level Annotations

Branches:
Dungeon (2/15)

Altars:


Innate Abilities, Weirdness & Mutations

You are immune to sickness and miasma.
Your stone body is resilient. (AC +3)
You are immune to poison.
You resist negative energy. (rN+)
You are resistant to electric shocks. (rElec)
You are resistant to unholy torment.
You are immune to petrification.


Message History

The gnoll is moderately wounded.
The gnoll completely misses you.
a - a +0 mace (weapon)
The gnoll hits you but does no damage.
You hit the gnoll.
The gnoll is heavily wounded.
You hit the gnoll.
The gnoll is severely wounded.
The gnoll barely misses you.
You hit the gnoll.
You kill the gnoll!
The gnoll barely misses you. The gnoll misses you.
You have reached level 4!
You feel clever. The gnoll attacks as it pursues you!
The gnoll hits you with a +0 whip. The gnoll attacks as it pursues you!
The gnoll hits you with a +0 whip. The gnoll attacks as it pursues you!
The gnoll barely misses you. The gnoll attacks as it pursues you!
The gnoll hits you with a +0 whip. The gnoll attacks as it pursues you!
The gnoll hits you with a +0 whip.
* * * LOW HITPOINT WARNING * * *
You hit the gnoll.
The gnoll is moderately wounded.
The gnoll hits you but does no damage.
You barely miss the gnoll.
The gnoll is moderately wounded.
The gnoll completely misses you. The gnoll closely misses you.
You hit the gnoll.
The gnoll is heavily wounded.
The gnoll hits you with a +0 whip.
* * * LOW HITPOINT WARNING * * *
The gnoll barely misses you.
You hit the gnoll but do no damage.
The gnoll is heavily wounded.
The gnoll hits you with a +0 whip.
* * * LOW HITPOINT WARNING * * *
The gnoll closely misses you. The gnoll hits you but does no damage.
You hit the gnoll but do no damage.
The gnoll is heavily wounded.
The gnoll hits you from afar with a +0 halberd!
You die...

##.....##
##.......##
#.........#
##.......##
#......##
#####
#.#...###
..>#
#.##..g.#
#.#♣♣♣ ♣♣♣#g#
#...♣♣♣♣.♣♣@#
#.#♣.♣♣.P.♣.#
#.#♣....♣.♣.#
#.#♣♣.P.♣♣..#
. #.#
♣♣♣♣♣♣♣##
.#####.###.#
...........#
##.###.#####
#.# #.#


You could see 2 gnolls.

Vanquished Creatures
  2 gnolls
  3 bats
  4 endoplasms
  A giant cockroach (D:2)
  2 goblins
  5 hobgoblins
  2 jackals (D:1)
  5 quokkas (D:1)
  3 ball pythons
  5 frilled lizards
  4 kobolds
  5 rats
41 creatures vanquished.

Notes
Turn   | Place    | Note
-------+----------+-------------------------------------------
     0 | D:1      | Mahakala the Gargoyle Monk began the quest for the Orb.
     0 | D:1      | Reached XP level 1. HP: 14/14 MP: 1/1
   285 | D:1      | Reached XP level 2. HP: 13/19 MP: 2/2
   604 | D:1      | Reached XP level 3. HP: 24/24 MP: 3/3
  1653 | D:2      | Reached XP level 4. HP: 29/29 MP: 4/4
  1667 | D:2      | Slain by a gnoll

Illustrated notes

Levels and vault maps discovered:
D:1:      ebering_hopf_link, layout_basic
D:2:      layout_loops_ring, serial_forest, infiniplex_forest_lined_room_,
          infiniplex_forest_clump_diagonal, infiniplex_forest_clump_small,
          infiniplex_forest_zigzag_2, infiniplex_forest_lined_3,
          infiniplex_forest_clump_C, infiniplex_forest_split,
          infiniplex_forest_zigzag_1, kennysheep_crisscross, hex_medium,
          kennysheep_generic_room_8

Skill      XL: |  1  2  3 |
---------------+----------+-----
Maces & Flails | 4 |  4.4
Fighting       | 4 |  4.0
Dodging        | |  2.4

Action                     |  1- 3 |  4- 6 || total
---------------------------+-------+-------++-------
  Melee: Mace              |    85 |     5 ||    90
   Fire: Sling             |    19 |       ||    19
 Armour: Robe              |    40 |     9 ||    49
  Dodge: Dodged            |    60 |     5 ||    65
